 Dungeon Crawl Stone Soup version 0.23-a0-405-g368ce00 (webtiles) character file.

109 Illumine the Firebug (level 4, 0/24 HPs)
             Began as a Deep Elf Fire Elementalist on Nov 2, 2018.
             Succumbed to an adder's poison
             ... on level 3 of the Dungeon on Nov 6, 2018.
             The game lasted 00:06:11 (2275 turns).

Illumine the Firebug (Deep Elf Fire Elementalist)   Turns: 2275, Time: 00:06:11

Health: 0/24       AC:  2    Str:  3 (6)  XL:     4   Next: 59%
Magic:  6/10       EV: 13    Int: 17 (20) God:
Gold:   91         SH:  0    Dex: 14 (15) Spells: 3/9 levels left

rFire    . . .     SeeInvis .   i - +0 trident
rCold    . . .     Gourm    .   (no shield)
rNeg     . . .     Faith    .   a - +0 robe
rPois    .         Spirit   .   (no helmet)
rElec    .         Reflect  .   (no cloak)
rCorr    .         Harm     .   (no gloves)
MR       .....                  (no boots)
Stlth    ++........             (no amulet)
HPRegen  0.08/turn              (no ring)
MPRegen  0.12/turn              (no ring)

@: lethally poisoned (0 -> -2)
A: no striking features
a: no special abilities


You were on level 3 of the Dungeon.
You were not hungry.

You visited 1 branch of the dungeon, and saw 3 of its levels.

You collected 91 gold pieces.

Inventory:

Hand Weapons
 d - a +0 club
 i - a +0 trident (weapon)
Missiles
 e - 61 stones (quivered)
 k - 7 poisoned needles
Armour
 a - a +0 robe (worn)
Jewellery
 m - a +6 ring of evasion {unknown}
Scrolls
 b - 3 scrolls of identify {unknown}
 g - 2 scrolls of blinking {unknown}
 j - a scroll of immolation {unknown}
 l - a scroll of amnesia {unknown}
Comestibles
 c - 5 rations
 h - a chunk of flesh


   Skills:
 + Level 0.4 Fighting
 - Level 2.4 Dodging
 - Level 2.4 Stealth
 - Level 3.0 Spellcasting
 + Level 3.4 Conjurations
 + Level 4.7 Fire Magic


You had 3 spell levels left.
You knew the following spells:

 Your Spells              Type           Power        Failure   Level  Hunger
a - Flame Tongue          Conj/Fire      ###..        3%          1    None
b - Throw Flame           Conj/Fire      ###...       4%          2    ##.....
c - Conjure Flame         Conj/Fire      ###.....     10%         3    ###....

Your spell library contained the following spells:

 Spells                   Type           Power        Failure   Level  Hunger
 Inner Flame              Hex/Fire       ##......     21%         3    ###....
 Sticky Flame             Conj/Fire      ###.....     32%         4    ####...
 Fireball                 Conj/Fire      ###.......   65%         5    ######.


Dungeon Overview and Level Annotations

Branches:
Dungeon (3/15)

Altars:
Gozag
Ru


Message History

You kill the bat!
* * * LOW HITPOINT WARNING * * *
You feel sick.
A frilled lizard comes into view.
* * * LOW HITPOINT WARNING * * *
You feel sick.
There is a lethal amount of poison in your body!
* * * LOW HITPOINT WARNING * * *
You feel sick.
An orc comes into view. It is wielding a +0 whip.
Casting: Flame Tongue (safe; 3% risk of failure)
Confirm with . or Enter, or press ? or * to list all spells.
Aiming: Flame Tongue (safe; 3% risk of failure)
Press: ? - help, Shift-Dir - straight line, f - frilled lizard
Aim: a frilled lizard (hasn't noticed you)
The flame tongue hits the frilled lizard.
You kill the frilled lizard!
* * * LOW HITPOINT WARNING * * *
You feel sick.
You die...

.. ..#
.....####
.......#
#.#..#.#
##.#..#.#
..o.†#.#
#.#..#.# #
####.#..#.##.#
#.........@..#
#.....#.######
#.......#
#.....###
#.....#
##...## .. .
#...# .#.
#...#
#####.#.#
#...# #...
...#


There were no monsters in sight!

Vanquished Creatures
  A gnoll (D:3)
  4 adders
  An ooze (D:1)
  3 worms (D:2)
  A dart slug (D:1)
  2 leopard geckos
  2 giant cockroaches
  6 goblins
  2 hobgoblins (D:1)
  4 jackals (D:2)
  4 kobolds
  2 quokkas (D:2)
  5 bats
  3 frilled lizards
  9 rats
49 creatures vanquished.

Notes
Turn   | Place    | Note
-------+----------+-------------------------------------------
     0 | D:1      | Illumine the Deep Elf Fire Elementalist began the quest for
                  | the Orb.
     0 | D:1      | Reached XP level 1. HP: 10/10 MP: 6/6
   220 | D:1      | Reached XP level 2. HP: 11/15 MP: 8/8
   958 | D:1      | Reached skill level 4 in Fire Magic
  1138 | D:2      | Reached XP level 3. HP: 19/19 MP: 6/9
  1548 | D:2      | Upgraded the game from 0.23-a0-395-gcf17ac6 to
                  | 0.23-a0-404-g0063841
  1619 | D:2      | Upgraded the game from 0.23-a0-404-g0063841 to
                  | 0.23-a0-405-g368ce00
  1656 | D:2      | Reached XP level 4. HP: 24/24 MP: 6/10
  2029 | D:2      | Learned a level 2 spell: Throw Flame
  2033 | D:2      | Learned a level 3 spell: Conjure Flame
  2169 | D:3      | Found an opulent altar of Gozag.
  2223 | D:3      | Found a sacrificial altar of Ru.
  2271 | D:3      | HP: 1/24 [poisoned by an adder]
  2275 | D:3      | Succumbed to an adder's poison

Vault maps used:
D:1:      matt_arrival_refuge
D:2:      first_ration
D:3:      nicolae_overflow_crystal_walls, nicolae_gozag_seed_capital,
          minmay_misc_feat_cross, minivault_4

Skill      XL: |  1  2  3 |
---------------+----------+-----
Conjurations   | 2 3 |  3.4
Fire Magic     | 4 |  4.7
Fighting       | |  0.4
Dodging        | |  2.4
Stealth        | |  2.4
Spellcasting   | |  3.0

Action                   |  1- 3 |  4- 6 || total
-------------------------+-------+-------++-------
Melee: Club              |    35 |       ||    35
       Trident           |       |     8 ||     8
Throw: Stone             |     2 |       ||     2
 Cast: Flame Tongue      |    65 |    28 ||    93
  Use: Potion            |       |     2 ||     2
 Stab: Sleeping          |     1 |       ||     1
  Eat: Chunk             |     2 |     2 ||     4
Armor: Robe              |     7 |     1 ||     8
Dodge: Dodged            |    56 |    15 ||    71

Table legend:
 A = Non-vault XP
 B = Vault XP
 C = Vault XP percentage of total XP
 D = Non-vault monster count
 E = Vault monster count
 F = Vault count percentage of total count
                 A         B        C        D         E       F
            +---------+---------+-------+---------+---------+-------
      Total |     156 |       0 |   0.0 |      49 |       0 |   0.0
            +---------+---------+-------+---------+---------+-------
        D:1 |      37 |       0 |   0.0 |      18 |       0 |   0.0
        D:2 |      88 |       0 |   0.0 |      25 |       0 |   0.0
        D:3 |      31 |       0 |   0.0 |       6 |       0 |   0.0
            +---------+---------+-------+---------+---------+-------
